 Dungeon Crawl Stone Soup version 0.31.0-32-g396128a36d (webtiles) character file.

Game seed: 5087286076756764134

117837 cfcfcfcfcf the Warrior (level 16, -19/110 HPs)
             Began as a Tengu Berserker on Apr 2, 2024.
             Was the Champion of Trog.
             Demolished by a shadow dragon simulacrum (30 damage)
             ... on level 14 of the Dungeon.
             The game lasted 00:43:18 (20327 turns).

cfcfcfcfcf the Warrior (Tengu Berserker)           Turns: 20327, Time: 00:43:19

Health: -19/110    AC: 18    Str: 17    XL:     16   Next: 48%
Magic:  17/17      EV: 20    Int:  9    God:    Trog [******]
Gold:   2364       SH: 13    Dex: 20    Spells: 15/15 levels left

rFire   + . .        a - +7 quick blade (flame) {god gift}
rCold   . . .        A - +6 buckler of the King of Swords {Regen+ Str+3}
rNeg    . . .        W - +1 ring mail of Hutuqos {rCorr Str-4 SInv Stlth+}
rPois   .            (helmet restricted)
rElec   .            O - +2 cloak
rCorr   +            i - +0 pair of gloves
SInv    +            (boots unavailable)
Will    +++..        q - amulet of regeneration
Stlth   +++          U - ring of protection from fire
HPRegen 2.98/turn    F - +4 ring of protection
MPRegen 0.15/turn

%: acrobat
@: strong-willed, flying, regenerating
A: beak, talons 3, evasive flight, acrobatic
a: Renounce Religion, Berserk, Trog's Hand, Brothers in Arms


You were on level 14 of the Dungeon.
You worshipped Trog.
Trog was exalted by your worship.
You visited 5 branches of the dungeon, and saw 24 of its levels.
You also visited: Bailey.

You collected 2439 gold pieces.
You spent 75 gold pieces at shops.

Inventory:

Hand Weapons
 a - a +7 quick blade of flaming (weapon) {god gift}
 b - a +9 antimagic rapier {god gift}
Missiles
 d - 2 poisoned darts
 o - 5 javelins (quivered)
 p - 15 boomerangs
 s - a throwing net
 D - a curare-tipped dart
 I - 2 darts of dispersal
Armour
 i - a +0 pair of gloves (worn)
 A - the +6 buckler of the King of Swords (worn) {Regen+ Str+3}
   (You found it on level 7 of the Dungeon)

   Str+3:     It affects your strength (+3).
   Regen+:    It increases your rate of health regeneration.
 O - a +2 cloak (worn)
 W - the +1 ring mail of Hutuqos (worn) {rCorr Str-4 SInv Stlth+}
   (You found it on level 4 of the Lair of Beasts)

   Str-4:     It affects your strength (-4).
   SInv:      It lets you see invisible.
   rCorr:     It protects you from acid and corrosion.
   Stlth+:    It makes you more stealthy.
Jewellery
 q - an amulet of regeneration (around neck)
 F - a +4 ring of protection (right hand)
 U - a ring of protection from fire (left hand)
 X - a +6 ring of strength
Wands
 l - a wand of polymorph (3)
 u - a wand of roots (50)
 v - a wand of quicksilver (3)
 x - a wand of digging (10)
 J - a wand of mindburst (21)
 N - a wand of paralysis (35)
 T - a wand of flame (17)
Scrolls
 f - 4 scrolls of teleportation
 g - 8 scrolls of enchant armour
 h - 2 scrolls of silence
 j - 6 scrolls of fog
 r - 2 scrolls of revelation
 t - 4 scrolls of blinking
 w - 7 scrolls of poison
 E - a scroll of immolation
 K - a scroll of torment {unknown}
 R - a scroll of brand weapon {unknown}
 S - 4 scrolls of vulnerability
Potions
 c - 14 potions of curing
 e - 3 potions of heal wounds
 k - 3 potions of attraction
 m - 4 potions of ambrosia
 n - a potion of lignification {unknown}
 z - 5 potions of cancellation
 H - a potion of brilliance {unknown}
 L - a potion of resistance {unknown}
 M - 2 potions of haste
 P - a potion of enlightenment {unknown}
 Q - 3 potions of might
 V - 2 potions of mutation {unknown}
 Y - a potion of magic {unknown}
 Z - 2 potions of berserk rage {unknown}
Miscellaneous
 y - a phantom mirror
 B - a box of beasts
 G - a lightning rod (4/4)


   Skills:
 + Level 16.1 Fighting
 + Level 15.4 Short Blades
 + Level 3.4 Throwing
 + Level 14.6 Armour
 + Level 8.6 Dodging
 - Level 4.0 Stealth
 + Level 10.9 Shields
 - Level 7.0 Evocations


You had 15 spell levels left.
You didn't know any spells.
Your spell library was empty.

Dungeon Overview and Level Annotations

Branches:
Dungeon (15/15)            Temple (1/1) D:7            Lair (5/5) D:9
 Shoals (0/4) Lair:2       Spider (1/4) Lair:3        Slime (0/5) Lair:4
    Orc (2/2) D:12            Elf (0/3) Orc:2        Vaults (0/5) D:13
 Depths (0/4) D:15         Bailey (visited)

Altars:
Ashenzari
Cheibriados
Dithmenos
Elyvilon
Fedhas
Gozag
Hepliaklqana
Kikubaaqudgha
Makhleb
Nemelex Xobeh
Okawaru
Qazlal
Ru
Sif Muna
Trog
Uskayaw
Vehumet
Wu Jian
Xom
Yredelemnul
Zin
The Shining One
Lugonu

Shops:
D:4 (   D:8 (   D:10 *   Orc:2 ([[:

Annotations:
D:14 tykejmi's ghost, journeyman MiFi


Innate Abilities, Weirdness & Mutations

You have a beak for a mouth.
You have claws for feet.
Your magical flight helps you evade attacks. (EV +4)
You can magically evade attacks while moving or waiting.


Message History

You hit the shadow dragon simulacrum.
You melt the shadow dragon simulacrum.
The shadow dragon simulacrum is heavily damaged.
The shadow dragon simulacrum bites you but does no damage.
The shadow dragon simulacrum claws you.
The shadow dragon simulacrum freezes you!!!
You block the shadow dragon simulacrum's attack.
You hit the shadow dragon simulacrum but do no damage.
You peck the shadow dragon simulacrum, but do no damage.
You hit the shadow dragon simulacrum.
You melt the shadow dragon simulacrum.
Your kick misses the shadow dragon simulacrum.
The shadow dragon simulacrum is heavily damaged.
Okay, then.
You feel much better.
You block the fire giant zombie's attack.
The shadow dragon simulacrum misses you.
The shadow dragon simulacrum completely misses you.
The shadow dragon simulacrum claws you but does no damage.
You feel much better.
You block the fire giant zombie's attack.
The shadow dragon simulacrum closely misses you.
The shadow dragon simulacrum claws you.
The shadow dragon simulacrum freezes you!!!
The shadow dragon simulacrum claws you but does no damage.
Unknown command.
You feel much better. The titan zombie misses you.
Okay, then.
Okay, then.
Okay, then.
Activating: Trog's Hand (0% risk of failure)
Press: ? - help, Dir - look around, f - activate Your skin crawls.
You feel strong-willed. The shadow dragon simulacrum bites you.
The shadow dragon simulacrum freezes you!!!
* * * LOW HITPOINT WARNING * * *
The shadow dragon simulacrum closely misses you.
The shadow dragon simulacrum claws you.
* * * LOW HITPOINT WARNING * * *
The shadow dragon simulacrum freezes you!!
You die...

#................#
...............###
...............#####
...................#
####...............#
#..........>....#
#..............## ##
##..............### .#
#.).........@ZZ..#
###### .#
##...........ZWZ..#
#....# .#
#..........###Z''###
#....# .#
#..........#ZZZ....#
#.....
.###..........##.....##
##....
...###........#.......#
#....
...###........##.|[[.##
#....
....#.........#.$#(#$.#
#....
....#.........#########
##...


You could see a spectral storm dragon, tykejmi's ghost, 2 shadow dragon
simulacra, a spriggan berserker simulacrum, a fire giant simulacrum, a fire
giant zombie, a titan zombie and a spark wasp zombie.

Vanquished Creatures
  An orc warlord (Orc:1)
  A very ugly thing (D:10)
  A stone giant (D:15)
  An entropy weaver (Lair:3)
  An ettin (Orc:1)
  An entropy weaver (shapeshifter) (D:15)
  Erolcha (D:12)
  5 ogre magi
  5 boulder beetles
  5 hydras
  A catoblepas (Lair:4)
  20 two-headed ogres
  A centaur warrior (D:14)
  3 tengu warriors
  6 orc high priests
  3 death yaks (Lair:4)
  Nergalle (D:10)
  A skyshark (Lair:4)
  7 skeletal warriors
  2 large abominations (D:10)
  A lindwurm (Lair:5)
  4 orc knights (Orc:2)
  5 orc sorcerers
  3 deep elf pyromancers (D:14)
  7 ugly things
  2 wolf spiders
  3 cyclopes
  4 manticores
  A meliai (shapeshifter) (D:10)
  3 kobold blastminers (Orc:2)
  13 elephants
  4 black mambas
  A torpor snail (Lair:3)
  2 gargoyles (D:12)
  3 orange demons (Orc:1)
  8 cane toads
  A rime drake (Lair:3)
  11 komodo dragons
  3 kobold demonologists
  2 unseen horrors (D:12)
  3 tengu conjurers
  6 hornets
  4 polar bears
  3 trolls
  An ancient zyme (D:10)
  A tarantella (Lair:3)
  A snapping turtle (Lair:2)
  7 blink frogs (Lair:5)
  A raiju (D:10)
  6 dream sheep
  A jumping spider (Lair:3)
  3 shadows
  A water elemental (Lair:2)
  Sigmund (D:2)
  2 culicivoras (Lair:3)
  3 wraiths
  12 slime creatures
  14 spriggans (Lair:5)
  Eustachio (D:4)
  57 yaks
  5 wyverns
  3 basilisks
  6 wargs
  Grum (D:10)
  3 redbacks (Lair:3)
  6 vampire mosquitoes
  3 steam dragons
  An acid dragon (D:10)
  Duvessa (D:4)
  14 water moccasins
  2 ice beasts
  35 orc warriors
  A sky beast (D:7)
  10 black bears
  A spriggan simulacrum (D:14)
  4 boggarts (Lair:5)
  6 ogres
  22 wolves
  3 centaurs
  2 phantoms
  4 kobold brigands
  12 bullfrogs
  2 gnoll sergeants
  2 small abominations (D:10)
  9 scorpions
  Dowan (D:4)
  A troll zombie (D:12)
  6 killer bees
  An electric eel (Lair:4)
  11 howler monkeys
  16 jellies
  3 hounds
  A gnoll bouda (Lair:4)
  22 orc priests
  2 sleepcaps
  Natasha (twice) (D:2)
  6 iguanas
  30 orc wizards
  7 ogre zombies (D:12)
  9 adders
  14 gnolls
  9 river rats (D:5)
  2 shadow imps
  2 white imps
  2 ufetubi (D:3)
  2 dart slugs
  2 ribbon worms
  83 orcs
  18 endoplasms
  4 giant cockroaches
  8 goblins
  9 hobgoblins
  13 jackals
  14 quokkas
  12 ball pythons
  4 bats
  A frilled lizard (D:1)
  5 gnoll skeletons (D:12)
  18 kobolds
  3 orc skeletons (D:12)
  17 orc zombies (D:12)
  15 rats
809 creatures vanquished.

Vanquished Creatures (collateral kills)
  Rupert (D:13)
  A centaur warrior (D:13)
  Amaemon (D:11)
  An orc knight (Bailey)
  An orange demon (D:11)
  An orc (Bailey)
  2 kobolds (D:11)
8 creatures vanquished.

Vanquished Creatures (others)
  An orc (Orc:2)
  A goblin (D:7)
2 creatures vanquished.

Grand Total: 819 creatures vanquished

Notes
Turn   | Place    | Note
-------+----------+-------------------------------------------
     0 | D:1      | cfcfcfcfcf the Tengu Berserker began the quest for the Orb.
     0 | D:1      | Reached XP level 1. HP: 14/14 MP: 2/2
     0 | D:1      | Noticed an ice dragon
     0 | D:1      | Noticed a shadow dragon
     1 | D:1      | Noticed a tentacled monstrosity
     2 | D:1      | Noticed an ice dragon
     5 | D:1      | Noticed a tentacled monstrosity
    13 | D:1      | Noticed a shadow dragon
    14 | D:1      | Noticed a green draconian
    15 | D:1      | Noticed an iron dragon
    16 | D:1      | Noticed an iron dragon
    18 | D:1      | Noticed a shadow dragon
    20 | D:1      | Noticed an ice dragon
    21 | D:1      | Noticed an ice dragon
    23 | D:1      | Noticed an iron dragon
    23 | D:1      | Noticed an iron dragon
    25 | D:1      | Noticed a tentacled monstrosity
    25 | D:1      | Noticed a shadow dragon
    27 | D:1      | Noticed an ice dragon
    27 | D:1      | Noticed a purple draconian
    29 | D:1      | Noticed a shadow dragon
   141 | D:1      | Reached XP level 2. HP: 15/19 MP: 3/3
   363 | D:1      | Reached ** piety under Trog
   373 | D:1      | Reached XP level 3. HP: 21/23 MP: 4/4
   836 | D:2      | Noticed Natasha
   841 | D:2      | Killed Natasha
   842 | D:2      | Reached skill level 3 in Armour
   842 | D:2      | Reached skill level 3 in Dodging
   842 | D:2      | Reached XP level 4. HP: 27/28 MP: 5/5
   852 | D:2      | Reached skill level 4 in Short Blades
   962 | D:2      | Noticed Natasha
   969 | D:2      | Killed Natasha
  1105 | D:2      | Noticed Sigmund
  1119 | D:2      | Killed Sigmund
  1120 | D:2      | Reached skill level 4 in Fighting
  1120 | D:2      | Reached skill level 4 in Armour
  1120 | D:2      | Reached XP level 5. HP: 34/34 MP: 6/6
  1120 | D:2      | Reached XP level 6. HP: 39/39 MP: 7/7
  1228 | D:3      | Reached skill level 5 in Short Blades
  1484 | D:3      | Reached *** piety under Trog
  1652 | D:3      | Found a broken altar of Ashenzari.
  1689 | D:3      | Gained mutation: Your magical flight helps you evade
                  | attacks. (EV +4) [Tengu growth]
  1689 | D:3      | Reached XP level 7. HP: 40/44 MP: 8/8
  1773 | D:3      | Reached skill level 5 in Fighting
  1978 | D:3      | Found a snail-covered altar of Cheibriados.
  2106 | D:4      | Noticed Dowan
  2106 | D:4      | Noticed Duvessa
  2114 | D:4      | Killed Duvessa
  2115 | D:4      | Reached skill level 5 in Armour
  2141 | D:3      | Reached skill level 6 in Short Blades
  2186 | D:4      | Killed Dowan
  2337 | D:4      | Reached skill level 6 in Fighting
  2340 | D:4      | Noticed Eustachio
  2369 | D:4      | Killed Eustachio
  2370 | D:4      | Reached skill level 7 in Short Blades
  2370 | D:4      | Reached XP level 8. HP: 26/52 MP: 9/9
  2522 | D:4      | Found Leulynt's Weapon Boutique.
  2595 | D:5      | Entered Level 5 of the Dungeon
  2843 | D:5      | Found a shimmering altar of Xom.
  2843 | D:5      | Noticed a wyvern
  2849 | D:5      | HP: 2/52 [wyvern (11)]
  2859 | D:5      | Killed a wyvern
  2860 | D:5      | Reached skill level 7 in Fighting
  2916 | D:5      | Reached **** piety under Trog
  2961 | D:5      | Found a hazy altar of Hepliaklqana.
  2969 | D:5      | Reached skill level 8 in Short Blades
  3092 | D:5      | Found a shimmering altar of Xom.
  3310 | D:5      | Reached XP level 9. HP: 55/59 MP: 10/10
  3695 | D:6      | Reached skill level 8 in Fighting
  3734 | D:6      | Reached skill level 9 in Short Blades
  4153 | D:6      | Found an iron altar of Okawaru.
  4356 | D:6      | Reached skill level 9 in Fighting
  4542 | D:7      | Reached skill level 10 in Short Blades
  4549 | D:7      | Noticed a kobold demonologist
  4560 | D:7      | Noticed a sun demon
  4564 | D:7      | Killed a kobold demonologist
  4574 | D:7      | Noticed a komodo dragon
  4593 | D:7      | Killed a komodo dragon
  4594 | D:7      | Reached XP level 10. HP: 64/68 MP: 11/11
  4680 | D:7      | Noticed a green ugly thing
  4683 | D:7      | Reached skill level 1 in Evocations
  4696 | D:7      | Killed a green ugly thing
  4697 | D:7      | Reached skill level 10 in Fighting
  4697 | D:7      | Reached skill level 2 in Evocations
  4715 | D:7      | Found a flagged portal.
  4753 | D:7      | Reached skill level 11 in Short Blades
  4760 | D:7      | Reached ***** piety under Trog
  4785 | Bailey   | Entered a bailey
  4904 | Bailey   | Reached skill level 3 in Evocations
  5078 | Bailey   | Noticed an orc knight
  5097 | Bailey   | Killed an orc knight
  5104 | Bailey   | Identified the +5 lajatang "Razxai" {drain, rF+ rN+ Int+2}
  5197 | D:7      | Identified the +4 great sword of Xuhasamm {freeze, +Blink
                  | rC+}
  5202 | D:7      | Reached skill level 4 in Evocations
  5251 | D:7      | Identified the +6 buckler of the King of Swords {Regen+
                  | Str+3}
  5293 | D:7      | Found a staircase to the Ecumenical Temple.
  5310 | Temple   | Entered the Ecumenical Temple
  5333 | D:7      | Found a burning altar of Makhleb.
  5333 | D:7      | Found a stormy altar of Qazlal.
  5406 | D:7      | Reached skill level 1 in Shields
  5519 | D:7      | Reached XP level 11. HP: 66/73 MP: 12/12
  5566 | D:7      | Reached skill level 2 in Shields
  5835 | D:8      | Reached skill level 11 in Fighting
  6097 | D:8      | Found Noasibri's Weapon Emporium.
  6377 | D:9      | Reached skill level 12 in Short Blades
  6391 | D:9      | Reached skill level 6 in Armour
  6391 | D:9      | Reached skill level 5 in Evocations
  6418 | D:9      | Noticed a +0 spear
  6418 | D:9      | Noticed a +0 short sword
  6418 | D:9      | Noticed a +0 dagger
  6418 | D:9      | Noticed a +0 spear
  6418 | D:9      | Noticed a +0 dagger
  6418 | D:9      | Noticed a +0 falchion
  6441 | D:9      | Noticed a +0 falchion
  6442 | D:9      | Noticed a +0 short sword
  6483 | D:9      | Reached skill level 3 in Shields
  6548 | D:9      | Found a hide-covered altar of Uskayaw.
  6750 | D:9      | Found a staircase to the Lair.
  6939 | D:9      | Noticed a two-headed ogre
  6950 | D:9      | Killed a two-headed ogre
  6951 | D:9      | Reached skill level 4 in Shields
  7303 | D:10     | Entered Level 10 of the Dungeon
  7336 | D:10     | Noticed Grum
  7359 | D:10     | Killed Grum
  7360 | D:10     | Reached skill level 7 in Armour
  7620 | D:10     | Found a transporter.
  7622 | D:10     | Noticed a harpy
  7623 | D:10     | Noticed a large abomination
  7623 | D:10     | Noticed a red ugly thing
  7623 | D:10     | a harpy changed into a sun moth
  7623 | D:10     | Noticed a sun moth (shapeshifter)
  7623 | D:10     | Noticed a green ugly thing
  7623 | D:10     | Noticed a cyan very ugly thing
  7625 | D:10     | Found a corrupted altar of Lugonu.
  7646 | D:10     | Found Pimoad's Assorted Antiques.
  7679 | D:10     | Bought a scroll of identify for 50 gold pieces
  7679 | D:10     | Bought a scroll labelled KUOSUWKODI for 25 gold pieces
  7940 | D:10     | Found a transporter.
  7940 | D:10     | Noticed a large abomination
  7996 | D:10     | Noticed Nergalle
  8015 | D:10     | Killed Nergalle
  8016 | D:10     | Reached skill level 5 in Shields
  8160 | Lair:1   | Entered Level 1 of the Lair of Beasts
  8236 | D:11     | Noticed a cyclops
  8248 | D:11     | Killed a cyclops
  8249 | D:11     | Reached XP level 12. HP: 81/81 MP: 13/13
  8349 | D:11     | Noticed a two-headed ogre
  8371 | D:11     | Killed a two-headed ogre
  8385 | D:11     | Reached skill level 12 in Fighting
  8385 | D:11     | Reached skill level 13 in Short Blades
  8548 | D:11     | Reached skill level 8 in Armour
  8589 | D:11     | You are sucked into a shaft and drop 2 floors!
  8747 | D:13     | Noticed Rupert
  8757 | D:13     | Paralysed by Rupert for 2 turns
  8761 | D:13     | Killed Rupert
  8771 | D:13     | Noticed a centaur warrior
  8773 | D:13     | Killed a centaur warrior
  8774 | D:13     | Reached skill level 6 in Shields
  8875 | D:13     | Noticed an ogre mage
  8875 | D:13     | Noticed a two-headed ogre
  8877 | D:13     | Noticed a two-headed ogre
  8882 | D:13     | Killed a two-headed ogre
  8893 | D:13     | Killed a two-headed ogre
  8904 | D:13     | Killed an ogre mage
  8906 | D:13     | Found a gate to the Vaults.
  8957 | D:13     | Found a sacrificial altar of Ru.
  9433 | D:12     | Reached skill level 9 in Armour
  9448 | D:12     | Noticed Erolcha
  9486 | D:12     | Killed Erolcha
  9515 | D:12     | Reached skill level 7 in Shields
  9619 | D:12     | Found a staircase to the Orcish Mines.
  9752 | D:12     | Received a gift from Trog
  9756 | D:12     | Reached skill level 14 in Short Blades
  9760 | D:12     | Reached skill level 13 in Fighting
  9770 | D:12     | Reached XP level 13. HP: 49/88 MP: 14/14
  9996 | D:11     | Found a blossoming altar of Fedhas.
 10031 | D:11     | Noticed Amaemon
 10040 | D:11     | Reached skill level 14 in Fighting
 10050 | D:11     | Killed Amaemon
 10501 | Lair:1   | Reached skill level 15 in Fighting
 11069 | Lair:2   | Reached skill level 1 in Stealth
 11143 | Lair:2   | Reached skill level 1 in Throwing
 11600 | Lair:2   | Found a staircase to the Shoals.
 11768 | Lair:2   | Reached skill level 2 in Stealth
 11948 | Lair:3   | Found a hole to the Spider Nest.
 11969 | Lair:3   | Reached skill level 4 in Dodging
 12177 | Lair:3   | Reached skill level 3 in Stealth
 12259 | Lair:3   | Received a gift from Trog
 12930 | Lair:4   | Reached skill level 5 in Dodging
 12930 | Lair:4   | Reached skill level 8 in Shields
 13011 | Lair:4   | Reached skill level 10 in Armour
 13011 | Lair:4   | Reached XP level 14. HP: 88/98 MP: 5/15
 13122 | Lair:4   | Identified the +1 ring mail of Hutuqos {rCorr Str-4 SInv
                  | Stlth+}
 13188 | Lair:4   | Found a staircase to the Slime Pits.
 13266 | Lair:4   | Reached skill level 9 in Shields
 13376 | Lair:4   | Reached skill level 11 in Armour
 13832 | Lair:5   | Entered Level 5 of the Lair of Beasts
 13971 | Lair:5   | Reached skill level 12 in Armour
 14218 | Lair:5   | Reached skill level 13 in Armour
 14245 | Lair:5   | Received a gift from Trog
 14359 | Lair:5   | Got an earthy gem with 13 turns to spare
 14374 | Lair:5   | Lost the earthy gem through the power of Zot.
 14735 | Lair:5   | Identified the +0 ring mail of Lugonu's Supremacy {+Blink
                  | +Inv rF- Dex+3}
 15227 | Lair:5   | Reached skill level 4 in Stealth
 15667 | D:12     | Reached XP level 15. HP: 65/103 MP: 5/16
 15917 | D:12     | Reached skill level 6 in Dodging
 16018 | D:12     | Found a radiant altar of Vehumet.
 16398 | D:14     | Reached skill level 6 in Evocations
 16536 | D:14     | Found a runed translucent gate.
 16537 | D:14     | Found a runed translucent gate.
 16538 | D:14     | Found a runed translucent gate.
 16577 | D:14     | Noticed tykejmi's ghost (journeyman MiFi)
 17208 | D:15     | Entered Level 15 of the Dungeon
 17493 | D:15     | Reached skill level 7 in Dodging
 17493 | D:15     | Reached skill level 10 in Shields
 17690 | D:15     | Reached ****** piety under Trog
 17704 | D:15     | Reached skill level 7 in Evocations
 17802 | D:15     | Reached skill level 14 in Armour
 17804 | D:15     | Found a staircase to the Depths.
 17844 | D:15     | Received a gift from Trog
 18004 | Orc:1    | Entered Level 1 of the Orcish Mines
 18061 | Orc:1    | Reached skill level 15 in Short Blades
 18163 | Orc:1    | Paralysed by an ogre mage for 5 turns
 18218 | Orc:1    | Noticed an orc warlord
 18258 | Orc:1    | Killed an orc warlord
 18259 | Orc:1    | Reached XP level 16. HP: 110/110 MP: 5/17
 18392 | Orc:1    | Reached skill level 2 in Throwing
 18392 | Orc:1    | Reached skill level 8 in Dodging
 18891 | Orc:2    | Entered Level 2 of the Orcish Mines
 18891 | Orc:2    | Found a staircase to the Elven Halls.
 19011 | Orc:2    | Reached skill level 16 in Fighting
 19184 | Orc:2    | Found Yjatz's Antique Weapon Boutique.
 19184 | Orc:2    | Found Ehesu's Antique Armour Emporium.
 19206 | Orc:2    | Found Jusojaos's Armour Boutique.
 19206 | Orc:2    | Found Taimoex's Book Emporium.
 19321 | Orc:2    | Reached skill level 3 in Throwing
 19532 | Orc:2    | Received a gift from Trog
 20008 | Spider:1 | Entered Level 1 of the Spider Nest
 20327 | D:14     | Demolished by a shadow dragon simulacrum

Illustrated notes

Levels and vault maps discovered:
D:1:      shiori_arrival_whats_in_store_for_you, layout_basic, st_stairs_7,
          grunt_decor_arrowhead, minmay_misc_feat_iff
D:2:      layout_basic, chequers_serial_rivers_micro_a,
          chequers_serial_rivers_small_a, uniq_natasha, uniq_sigmund
D:3:      wad_lake_hut, layout_basic, mainiacjoe_overflow_six_doors_small,
          ashenzari_conservatory_becter
D:4:      layout_cave_pools, serial_column_ruins, column_ruins_pillar_2,
          column_ruins_pillar_9, column_ruins_pillar_1, column_ruins_pillar_3,
          column_ruins_pillar_2, column_ruins_pillar_9, column_ruins_pillar_7,
          column_ruins_pillar_6, column_ruins_pillar_9, column_ruins_pillar_2,
          column_ruins_pillar_2, column_ruins_pillar_10, column_ruins_pillar_3,
          column_ruins_pillar_2, column_ruins_pillar_4, column_ruins_pillar_2,
          column_ruins_pillar_1, column_ruins_pillar_7, column_ruins_pillar_2,
          serial_shops, nicolae_shop_advertising_works
          [nicolae_subvault_shop_adworks], serial_library_hellmonk_small_alcove,
          uniq_eustachio, uniq_duvessa
D:5:      lemuel_ratsnest, layout_basic, general_overflow_altar,
          minmay_splitting_lines, hangedman_feature_mirror
D:6:      hangedman_cross_stitches, layout_cave_pods,
          mainiacjoe_overflow_boulevard
D:7:      minmay_the_grid_octo_triangle [minmay_the_grid_octo_fan_narrow,
          minmay_the_grid_octo_prize_star, minmay_the_grid_octo_pinwheel],
          layout_rooms, gammafunk_temple_overflow_statue, enter_bailey_3,
          minmay_fractal_squares_gapless_5
D:8:      layout_basic, nicolae_take_the_stairs
D:9:      layout_basic, nicolae_uskayaw_en_pointe,
          grunt_lair_entry_orc_guard_hut, nicolae_figureground_pulse
D:10:     gammafunk_corrupted_shrine, layout_basic, serial_shops, shop,
          uniq_nergalle, uniq_grum
D:11:     layout_cave_pools, serial_rivers, chequers_serial_rivers_micro_d,
          chequers_serial_rivers_room_a, chequers_serial_rivers_room_a,
          chequers_serial_rivers_room_b, fedhas_altar_3, uniq_amaemon
D:12:     layout_basic, zombieorc2_lemuel,
          serial_library_hellmonk_double_dead_end, nicolae_vehumet_altar_sigil,
          uniq_erolcha
D:13:     layout_irregular_city, david_vaults_2,
          nicolae_ru_great_annihilating_truth, uniq_rupert
D:14:     layout_cross, gammafunk_ghost_necromancy, chequers_decorated_corner
D:15:     grunt_enter_depths_snipers, layout_cave_pools
Temple:   hellmonk_temple_two_chambers
Lair:1:   layout_roguey, serial_bayou_shore_b, lemuel_fruit_tree,
          grunt_megastairs_2
Lair:2:   layout_cave_pods, minmay_shoals_entry_hut, infiniplex_staircase_pool_2
Lair:3:   layout_loops_ring, spider_nest_entry_funnel_web
Lair:4:   lemuel_slime, layout_cellular_growth, nicolae_slime_entry_field_trip,
          dreamdust_gnoll_shepherd, infiniplex_staircase_pool
Lair:5:   minmay_lair_end_enchanted_forest, layout_cave_pods,
          chequers_serial_rivers_room_a, st_stairs_7, minivault_26,
          grunt_megastairs_1
Spider:1: layout_spider_delve, nicolae_spider_bug_shape
Orc:1:    layout_caves, regret_index_minedec_shroomtown_chain,
          einodemon_barbed_minivault
Orc:2:    grunt_orc_tribal_feast, layout_diamond_mine, special_room,
          kennysheep_orc_chapel

Skill      XL: |  1  2  3  4  5  6  7  8  9 10 11 12 13 14 15 16 |
---------------+-------------------------------------------------+-----
Armour         | 3 4 5 7 9 10 13 14 | 14.6
Dodging        | 3 5 7 8 |  8.6
Short Blades   | 4 5 7 8 10 11 12 14 15 | 15.4
Fighting       | 4 6 7 9 10 11 13 15 16 | 16.1
Evocations     | 4 5 7 |  7.0
Shields        | 1 5 7 8 9 10 | 10.9
Stealth        | 3 4 |  4.0
Throwing       | 1 3 |  3.4

Action                     |  1- 3 |  4- 6 |  7- 9 | 10-12 | 13-15 | 16-18 || total
---------------------------+-------+-------+-------+-------+-------+-------++-------
  Melee: Short sword       |   100 |   147 |    45 |       |       |       ||   292
         Kick              |    27 |    34 |   161 |   438 |   770 |   239 ||  1669
         Peck              |    16 |    21 |    94 |   257 |   484 |   159 ||  1031
         Punch             |     2 |     2 |     4 |     4 |       |       ||    12
         Dagger            |       |       |   397 |  1000 |   430 |       ||  1827
         Rapier            |       |       |       |       |  1111 |    15 ||  1126
         Quick blade       |       |       |       |       |    69 |   512 ||   581
  Throw: Javelin           |       |       |     1 |       |     3 |     2 ||     6
         Dart              |       |       |       |     4 |     4 |       ||     8
 Invoke: Berserk           |       |     2 |     3 |     6 |     9 |     1 ||    21
         Trog's Hand       |       |       |     5 |     6 |     7 |     2 ||    20
         Brothers in Arms  |       |       |       |     3 |     1 |       ||     4
  Evoke: Wand              |       |       |     1 |     3 |     2 |       ||     6
    Use: Scroll            |       |       |     5 |     7 |    11 |       ||    23
         Potion            |       |       |       |     3 |       |     3 ||     6
   Stab: Paralysed         |       |       |       |     1 |       |       ||     1
         Sleeping          |       |       |       |       |     7 |     5 ||    12
         Distracted        |       |       |       |       |     1 |       ||     1
 Armour: Ring mail         |    48 |    83 |   167 |   275 |   466 |    99 ||  1138
  Dodge: Dodged            |    67 |   106 |   282 |   362 |   547 |   207 ||  1571
  Block: Buckler           |       |       |       |   230 |   625 |   196 ||  1051
